 Dungeon Crawl Stone Soup version 0.29-a0-819-g94b489e0ae (webtiles) character file.

Game seed: 3813525825717824914

710 Zonian the Chiller (level 7, 0/46 HPs)
             Began as a Demonspawn Ice Elementalist on July 6, 2022.
             Slain by an ogre
             ... wielding a +0 giant club
              (29 damage)
             ... on level 5 of the Dungeon.
             The game lasted 00:13:21 (7394 turns).

Zonian the Chiller (Demonspawn Ice Elementalist)    Turns: 7394, Time: 00:13:22

Health: 0/46       AC:  4    Str:  9    XL:     7   Next: 40%
Magic:  10/13      EV: 13    Int: 22    God:
Gold:   341        SH:  0    Dex: 23    Spells: 8/15 levels left

rFire   . . .      SeeInvis .   e - +0 dagger (elec)
rCold   . . .      Faith    .   (no shield)
rNeg    . . .      Spirit   .   a - +0 robe
rPois   .          Reflect  .   m - +1 helmet
rElec   .          Harm     .   (no cloak)
rCorr   .          Rampage  .   (no gloves)
Will    .....                   (no boots)
Stlth   ++++......              (no amulet)
HPRegen 0.15/turn               s - +6 ring of dexterity
MPRegen 0.13/turn               p - +6 ring of intelligence

@: freezing walls
A: thin skeletal structure 1, ignite blood 1, demonic touch 2
a: no special abilities


You were on level 5 of the Dungeon.
You visited 1 branch of the dungeon, and saw 5 of its levels.

You collected 341 gold pieces.

Inventory:

Hand Weapons
 e - a +0 dagger of electrocution (weapon)
 f - the +10 morningstar of Jelod {elec, rPois rF+ rCorr MP-9}
   (You found it on level 2 of the Dungeon)

   It occasionally discharges a powerful burst of electricity upon striking a
   foe.
   rF:        It protects you from fire.
   rPois:     It protects you from poison.
   MP:        It affects your magic capacity (-9).
   rCorr:     It protects you from acid and corrosion.
 g - a +0 falchion
 i - a +0 sling
 v - a +1 flail of protection
 z - a +2 hand axe of flaming
 A - a +0 rapier
Missiles
 n - 3 boomerangs
Armour
 a - a +0 robe (worn)
 m - a +1 helmet (worn)
Magical Staves
 t - a staff of cold
Jewellery
 l - a ring of positive energy
 p - a +6 ring of intelligence (right hand)
 s - a +6 ring of dexterity (left hand)
 u - a +6 ring of dexterity
 x - a +4 ring of slaying
Scrolls
 c - a scroll of fog
 k - a scroll of blinking
 o - 2 scrolls of amnesia
 w - a scroll of poison
 y - a scroll of torment {unknown}
Potions
 b - a potion of magic
 d - 2 potions of attraction
 h - 2 potions of lignification
 j - 2 potions of heal wounds {unknown}
 q - a potion of brilliance {unknown}
 r - 4 potions of curing


   Skills:
 - Level 2.2 Dodging
 - Level 2.2 Stealth
 + Level 4.6 Spellcasting
 * Level 6.9 Ice Magic


You had 8 spell levels left.
You knew the following spells:

 Your Spells              Type           Power      Damage    Failure   Level
a - Freeze                Ice            100%       1d11      1%          1
b - Frozen Ramparts       Ice            70%        1d9       1%          3
c - Ozocubu's Armour      Ice            35%        N/A       1%          3

Your spell library contained the following spells:

 Spells                   Type           Power      Damage    Failure   Level
 Beastly Appendage        Tmut           10%        N/A       11%         1
 Wereblood                Tmut           5%         N/A       16%         2
 Hailstorm                Conj/Ice       20%        3d6       26%         4
 Spider Form              Tmut/Pois      5%         N/A       32%         3


Dungeon Overview and Level Annotations

Branches:
Dungeon (5/15)
 Temple: D:4-7

Altars:
Uskayaw
Yredelemnul

Shops:
D:1 :   D:3 (


Innate Abilities, Weirdness & Mutations

You have a somewhat thin skeletal structure. (Dex +2, Stealth+)
Your demonic aura sometimes causes spilled blood to erupt in flames.
Your touch may inflict irresistible damage on your foes.


Message History

The jackal bites you but does no damage.
The jackal closely misses you.
You barely miss the jackal.
The jackal is severely wounded.
The jackal bites you. The jackal barely misses you.
The jackal closely misses you. The jackal barely misses you.
You hit the jackal.
You kill the jackal!
The jackal barely misses you.
An orc comes into view. It is wielding a +0 flail.
The orc shouts!
You hit the jackal. Your touch misses the jackal.
The jackal is lightly wounded.
The jackal bites you but does no damage.
The jackal barely misses you.
You barely miss the jackal. Your touch misses the jackal.
The jackal is lightly wounded.
The jackal closely misses you. The jackal completely misses you.
The jackal barely misses you. The jackal closely misses you.
The ogre hits you with a +0 giant club!
Unknown command.
Casting: Freeze (safe; 1% risk of failure)
Confirm with . or Enter, or press ? or * to list all spells.
Casting: Frozen Ramparts (safe; 1% risk of failure)
Press: ? - help, Dir - look around, f - activate The walls around you are covered in ice.
The wall freezes the jackal.
The jackal misses you.
The wall freezes the jackal.
You kill the jackal!
Unknown command.
You completely miss the ogre.
The wall freezes the jackal.
You kill the jackal!
The wall freezes the ogre!
The ogre closely misses you.
Unknown command.
You barely miss the ogre.
You touch the ogre.
The ogre is heavily wounded.
The wall freezes the ogre.
The ogre hits you with a +0 giant club!!
Ouch! That really hurt!
You die...

##.##.. ......
#..#.# #.#.# #...#
######...##
..........######.#.
#....(......O...$..
##.###...#..@†o.# #.
........#####†.<....
#.. ...###...##
..####. .# ###..#
.... .# #...# ..##.
.# ##...# ... # ##
#...## .... .# #...#
.##. .# ##...#


You could see an ogre and an orc.

Vanquished Creatures
  A black bear (D:4)
  2 ogres
  A kobold brigand (D:4)
  A bullfrog (D:4)
  A scorpion (D:4)
  A gnoll bouda (D:4)
  5 gnolls
  5 adders
  3 worms
  4 dart slugs
  9 orcs
  9 endoplasms
  5 giant cockroaches
  14 goblins
  13 hobgoblins
  7 jackals
  4 kobolds
  5 quokkas
  3 ball pythons
  6 bats
  6 frilled lizards
  8 rats
  A spectral orc (D:3)
114 creatures vanquished.

Vanquished Creatures (others)
  7 fungi (D:2)
  5 plants (D:2)
12 creatures vanquished.

Grand Total: 126 creatures vanquished

Notes
Turn   | Place    | Note
-------+----------+-------------------------------------------
     0 | D:1      | Zonian the Demonspawn Ice Elementalist began the quest for
                  | the Orb.
     0 | D:1      | Reached XP level 1. HP: 13/13 MP: 3/3
   243 | D:1      | Gained mutation: You have a somewhat thin skeletal
                  | structure. (Dex +2, Stealth+) [demonic ancestry]
   243 | D:1      | Reached XP level 2. HP: 18/19 MP: 0/5
   605 | D:1      | Found Kupadat's Book Shoppe.
  1283 | D:1      | Gained mutation: Your touch may inflict minor irresistible
                  | damage on your foes. [demonic ancestry]
  1283 | D:1      | Reached XP level 3. HP: 20/24 MP: 4/6
  1528 | D:1      | Reached skill level 4 in Ice Magic
  1887 | D:2      | Identified the +10 morningstar of Jelod {elec, rPois rF+
                  | rCorr MP-9}
  2287 | D:2      | Reached XP level 4. HP: 25/30 MP: 8/8
  2808 | D:2      | Found a faded altar of an unknown god.
  3675 | D:3      | Found Mogastroll's Weapon Shoppe.
  3990 | D:3      | Found a basalt altar of Yredelemnul.
  4432 | D:3      | Reached XP level 5. HP: 35/35 MP: 9/9
  4754 | D:3      | Learned a level 3 spell: Frozen Ramparts
  4758 | D:3      | Learned a level 3 spell: Ozocubu's Armour
  5197 | D:4      | Reached skill level 5 in Ice Magic
  5541 | D:4      | Noticed an ogre
  6269 | D:4      | Gained mutation: Your touch may inflict irresistible damage
                  | on your foes. [demonic ancestry]
  6269 | D:4      | Reached XP level 6. HP: 26/41 MP: 7/11
  6604 | D:4      | Reached skill level 6 in Ice Magic
  6619 | D:4      | Gained mutation: Your demonic aura sometimes causes spilled
                  | blood to erupt in flames. [demonic ancestry]
  6619 | D:4      | Reached XP level 7. HP: 33/46 MP: 5/13
  7118 | D:5      | Entered Level 5 of the Dungeon
  7323 | D:5      | Found a hide-covered altar of Uskayaw.
  7394 | D:5      | Slain by an ogre

Illustrated notes

Levels and vault maps discovered:
D:1:      dpeg_arrival_tiny_k, layout_basic, serial_shops, shop,
          minmay_crystal_water, nicolae_kite_square_tiling_tiny,
          kennysheep_nondescript, minivault_24, minmay_misc_feat_hallway
D:2:      layout_basic, shapermc_ecumenical_altar_mp_urbaneastern,
          patterned_corridor
D:3:      layout_basic, yredelemnul_forgotten_temple_becter, serial_shops,
          nicolae_shop_stone, minmay_misc_feat_columns, minmay_surrounded
D:4:      layout_cave_pools, abandoned_shop
D:5:      layout_rooms, nicolae_uskayaw_suspiria, serial_curves, eino_curves_04,
          eino_curves_03, chequers_serial_rivers_room_a

Skill      XL: |  1  2  3  4  5  6 |
---------------+-------------------+-----
Stealth        | 2 |  2.2
Dodging        | 2 |  2.2
Ice Magic      | 4 5 6 |  6.9
Spellcasting   | 3 4 |  4.6

Action                   |  1- 3 |  4- 6 |  7- 9 || total
-------------------------+-------+-------+-------++-------
Melee: Unarmed           |     6 |       |       ||     6
       Dagger            |    65 |    82 |    11 ||   158
       Touch             |     3 |    18 |     2 ||    23
       Punch             |       |     1 |       ||     1
Throw: Boomerang         |       |     1 |       ||     1
 Cast: Freeze            |    45 |    27 |     9 ||    81
       Frozen Ramparts   |       |     5 |     1 ||     6
       Ozocubu's Armour  |       |     1 |       ||     1
  Use: Scroll            |     9 |     4 |       ||    13
 Stab: Sleeping          |    11 |     7 |     2 ||    20
Armor: Robe              |    22 |    28 |     3 ||    53
Dodge: Dodged            |    68 |    66 |    15 ||   149

Table legend: (Time is in decaauts)
 A = Elapsed time spent in this place.
 B = Non-inter-level travel time spent in this place.
 C = Inter-level travel time spent in this place.
 D = Time resting spent in this place.
 E = Time spent auto-exploring this place.
 F = Levels seen in this place.
 G = Mean time per level.
                   A        B        C        D        E       F      G
               +--------+--------+--------+--------+--------+-----+--------+
         Total |   7396 |   7240 |    156 |   2395 |   3579 |   5 | 1479.2 |
       Dungeon |   7396 |   7240 |    156 |   2395 |   3579 |   5 | 1479.2 |
               +--------+--------+--------+--------+--------+-----+--------+

Top non-repeatable levels by time:
     D:3: 2518 daAuts
     D:1: 1862 daAuts
     D:4: 1602 daAuts
     D:2: 1137 daAuts
     D:5: 275 daAuts
